[Event "*** Titled Tuesday Blitz"]
[Site "Chess.com"]
[Date "2021.04.27"]
[Round "3"]
[White "NiranjanNavalgund"]
[Black "SanchezKelvin"]
[Result "1-0"]
[WhiteElo "2475"]
[BlackElo "196"]
[TimeControl "180+1"]
[EndTime "10:29:19 PDT"]
[Termination "NiranjanNavalgund won on time"]

1. e4 c5 2. d4 cxd4 3. c3 dxc3 4. Nf3 e6 5. Bc4 a6 6. Nxc3 b5 7. Bb3 Bb7 8. O-O d6 9. Qe2 Nd7 10. Bf4 Ngf6 11. Rfd1 b4 12. Nd5 exd5 13. exd5+ Be7 14. Bxd6 Kf8 15. Bg3 Bc5 16. d6 h6 17. Qc4 Qe8 18.
Re1 Ne4 19. Nd2 Ndf6 20. Nxe4 Nxe4 21. Rxe4 Bxe4 22. Qxc5 Kg8 23. Re1 Qc6 24. Qh5 Rf8 25. f3 Bc2 26. Bd5 Qc5+ 27. Kh1 Qa7 28. Qg4 Kh7 29.
Be5 Bg6 30. h4 h5 31. Qf4 Qf2 32. Qxb4 Rb8 33. Qc3 Rxb2 34. Qxb2 Qxe1+ 35. Kh2 Qxh4+ 36. Kg1 Qe1+ 37. Kh2 Qh4+ 38. Kg1 Re8 39. Bc3 Qf4 40. d7 Rd8 41. Bxg7 Rxd7 42. Bh8 Qe3+ 43. Kh2 Qf4+ 44. Kg1 Qe3+ 45. Kh2 Qf4+ 46. g3 Qh6 47. Qe5 Qf8 48. Bf6 Qd6 49. Qe8 Qxf6 50. Qxd7 Qb2+ 51. Kh3 Qf6 52.
Kg2 h4 53. gxh4 Kg7 54. Qg4 Kh6 55. Kg3 Qe5+ 56. Qf4+ Qxf4+ 57. Kxf4 f6 58. Kg4 Bd3 59. Be4 Bc4 60. a3 a5 61. Kf5 Kg7 62. Kf4 Be6 63. Bf5 Bd5 64. Ke3 Kh6 65. Bg4 Kg6 66. Kf4 Bc4 67.
Ke3 Bb3 68. Kd4 f5 69. Bh3 Kf6 70. f4 Be6 71. Bg2 Kg6 72. Bf3 1-0

[Event "*** Titled Tuesday Blitz"]
[Site "Chess.com"]
[Date "2021.04.27"]
[Round "3"]
[White "Sam_ChessMood"]
[Black "NateSolon"]
[Result "1-0"]
[WhiteElo "2899"]
[BlackElo "2648"]
[TimeControl "180+1"]
[EndTime "10:29:20 PDT"]
[Termination "Sam_ChessMood won by resignation"]

1. e4 c5 2. Nf3 d6 3. d4 cxd4 4.
Nxd4 Nf6 5. Nc3 a6 6. Bg5 e6 7. f4 Be7 8. Qe2 h6 9. Bxf6 Bxf6 10.
O-O-O Qc7 11. Qd2 Bd7 12. Kb1 Nc6 13. Nf3 O-O-O 14. Qxd6 Qxd6 15. Rxd6 g5 16. g3 Bxc3 17. bxc3 Rhg8 18. Ne5 gxf4 19. Nxf7 Rdf8 20. Nxh6 Rg6 21. Nf5 Kc7 22. Nh4 Rg7 23. Rd1 fxg3 24. hxg3 Rxg3 25. Bd3 Ne5 26. Rhg1 Rxg1 27. Rxg1 Bc6 28. Rg7+ Kd6 29. Ng6 Nxg6 30. Rxg6 Rf4 31. Rg7 Rh4 32. Kc1 Rh5 33. Kb2 Re5 34. c4 Kc5 35. Kc3 Rh5 36. a3 Rh3 37. Rg5+ Kd6 38. c5+ Ke7 39. Kd4 Kf6 40. Rg1 Rh4 41. Rf1+ Ke7 42. Rg1 Kf6 43.
Rf1+ Ke7 44. Rb1 Kf6 45. Rb6 e5+ 46. Kc3 Rh3 47. Kb2 Kg5 48. Bxa6 Rh7 49. Bd3 Kf4 50. Kc3 Rc7 51. Kb4 Bxe4 52. a4 Bc6 53. a5 e4 54. Bb5 Bxb5 55. Kxb5 e3 56. Re6 Kf3 57. c4 e2 58. Kb6 Rh7 59. c6 bxc6 60.
a6 Kf2 61. c5 e1=Q 62. Rxe1 Kxe1 63. a7 Rh8 64. Kb7 Kd2 65. a8=Q Rxa8 66. Kxa8 Kc3 67. Kb7 Kd4 68. Kxc6 1-0

[Event "*** Titled Tuesday Blitz"]
[Site "Chess.com"]
[Date "2021.04.27"]
[Round "3"]
[White "Make_it_shine060"]
[Black "Abdimalik_Abdisalimov"]
[Result "0-1"]
[WhiteElo "2182"]
[BlackElo "2342"]
[TimeControl "180+1"]
[EndTime "10:29:21 PDT"]
[Termination "Abdimalik_Abdisalimov won on time"]

1. d4 Nf6 2. c4 g6 3. Nc3 Bg7 4.
e4 d6 5. Nge2 O-O 6. Ng3 e5 7.
d5 a5 8. Be2 Na6 9. h4 h5 10.
Bg5 Qe8 11. Qd2 Nh7 12. Be3 b6 13. O-O-O Nc5 14. Kb1 a4 15. Bh6 a3 16. b3 Bd7 17.
Bxh5 gxh5 18. Bxg7 Kxg7 19. Nxh5+ Kg6 20. g4 f6 21. Rdg1 Rg8 22. Ng3 Qf8 23. Nf5 Bxf5 24. gxf5+ Kf7 25. f4 Qh6 26. Rg6 Rxg6 27. fxg6+ Qxg6 28.
f5 Qg4 29. Qh6 Qg7 30. Qe3 Ke7 31. Rg1 Qf7 32. Rg6 Rg8 33. h5 Ng5 34. Qg3 Rh8 35. h6 Qf8 36. Rg7+ Kd8 37. Qh4 Nf7 38. Qxf6+ Qe7 39.
Qxf7 Qxf7 40. Rxf7 Rxh6 41. f6 Rh1+ 42. Kc2 Rh2+ 43.
Kc1 Rf2 44. Rf8+ Kd7 45. Rf7+ Kd8 46. Rf8+ Kd7 47. Rf7+ Kc8 48. Rf8+ Kb7 49. f7 Nd7 50. Rd8 Rxf7 51. Nb5 Nc5 52. Nxa3 Nxe4 53. Nb5 Rf1+ 0-1

[Event "*** Titled Tuesday Blitz"]
[Site "Chess.com"]
[Date "2021.04.27"]
[Round "3"]
[White "Dinamo81"]
[Black "Superfelix"]
[Result "1/2-1/2"]
[WhiteElo "2710"]
[BlackElo "2495"]
[TimeControl "180+1"]
[EndTime "10:29:23 PDT"]
[Termination "Game drawn by 50-move rule"]

1. d4 g6 2. e4 c6 3. Nc3 d5 4. e5 h5 5. f4 Nh6 6. Nf3 Bg4 7. Be3 Nf5 8. Bf2 e6 9. h3 Bxf3 10. Qxf3 h4 11. Bd3 Be7 12. O-O b5 13. Ne2 a5 14.
Rfc1 a4 15. Kh2 Nd7 16. Ng1 Qb6 17. c3 c5 18. Qe2 c4 19. Bxf5 gxf5 20. a3 Nf8 21.
Nf3 Ng6 22. Be3 Kd7 23. Qd2 Rag8 24. Rg1 Rh7 25. Rgf1 Qc6 26. Rf2 Kc7 27. Kg1 Qe8 28. Kf1 Rhg7 29. Ke2 Qf8 30. Rg1 Rh7 31. Qc1 Qh6 32.
Kd1 Qh5 33. Kc2 Rhg7 34. Kb1 Nf8 35. Qe1 Kd7 36. Re2 Rg3 37. Qf1 Ng6 38. Ka2 Qh6 39.
Qc1 Qh5 40. Qf1 Nf8 41. Bf2 R3g7 42. Be3 Ng6 43. Bd2 Ke8 44. Be3 Bd8 45. Bd2 Nf8 46. Be1 Be7 47. Bd2 Ng6 48. Be3 Nf8 49. Bd2 Rg3 50. Be3 Ng6 51. Qf2 Qh6 52. Ne1 Nf8 53. Bd2 Qh5 54. Rf1 Nd7 55. Rg1 Nf8 56. Rf1 Ng6 57. Rg1 Nh8 58. Nf3 Ng6 59. Qf1 Qh6 60.
Qc1 Nf8 61. Rf2 Qg6 62. Be3 Qh5 63. Qd2 Ng6 64. Qe2 Nf8 65. Qd2 Qg6 66. Qe2 Kd7 67. Qd2 Qg7 68. Qe2 Qh7 69. Qd2 R8g6 70. Qe2 1/2-1/2

[Event "*** Titled Tuesday Blitz"]
[Site "Chess.com"]
[Date "2021.04.27"]
[Round "3"]
[White "Margency"]
[Black "gmpeter008"]
[Result "0-1"]
[WhiteElo "2651"]
[BlackElo "2436"]
[TimeControl "180+1"]
[EndTime "10:29:23 PDT"]
[Termination "gmpeter008 won on time"]

1. e4 e5 2. Nf3 Nc6 3. Bc4 Nf6 4. d3 Bc5 5. O-O d6 6. c3 a5 7. a4 O-O 8. Bg5 Ne7 9. Bxf6 gxf6 10. d4 Bb6 11. Nbd2 Ng6 12. Re1 c6 13. g3 Bg4 14. Be2 f5 15. dxe5 dxe5 16. exf5 Bxf5 17. Nc4 Qxd1 18. Raxd1 Bc7 19. Bd3 Bg4 20. Be2 Rad8 21. Ne3 Bc8 22. Bc4 Kg7 23. h4 f6 24. h5 Ne7 25. Nh4 Bb6 26. Kf1 Bh3+ 27. Kg1 Bxe3 28. fxe3 Bg4 29. Rxd8 Rxd8 30. Be2 Be6 31. Rd1 Rxd1+ 32.
Bxd1 Nf5 33. Bg4 Nxh4 34. Bxe6 Nf3+ 35. Kf2 Nd2 36. Ke2 Ne4 37. g4 Nc5 38. Bc8 Nxa4 39. Bxb7 Nxb2 40. Bxc6 h6 41. Bb5 Kf8 42. Kd2 a4 43. Kc2 a3 44. Kb3 Nd1 45. e4 Nf2 46. Kxa3 Nxe4 47. Kb4 Ke7 48. Be2 Kd6 49. c4 Ng3 50.
c5+ Kc7 51. Bc4 Ne4 52. Kb5 Nc3+ 53. Kb4 Ne4 54. Be2 Ng3 55. Bb5 f5 56. g5 Ne4 57.
gxh6 Nf6 58. Be8 f4 0-1

[Event "*** Titled Tuesday Blitz"]
[Site "Chess.com"]
[Date "2021.04.27"]
[Round "3"]
[White "AungTZ"]
[Black "eduardoperalta"]
[Result "1-0"]
[WhiteElo "2168"]
[BlackElo "2479"]
[TimeControl "180+1"]
[EndTime "10:29:23 PDT"]
[Termination "AungTZ won by resignation"]

1. e4 c5 2. Nf3 Nc6 3. Bb5 g6 4. O-O Bg7 5. c3 Nf6 6. Re1 O-O 7. e5 Nd5 8. d4 cxd4 9. cxd4 d6 10. Bxc6 bxc6 11. Nc3 Nxc3 12. bxc3 Bg4 13. Bf4 d5 14. h3 Bxf3 15. Qxf3 Qa5 16. e6 fxe6 17. Qg3 c5 18. Rxe6 cxd4 19. cxd4 Bxd4 20. Rd1 Bf6 21. Qb3 Rad8 22. Be5 Kh8 23. Rxe7 Bxe5 24. Rxe5 Qc5 25. Qe3 Qxe3 26. Rxe3 Rf6 27. Red3 Rfd6 28. f3 Kg7 29. Kf2 Kf6 30. Ke3 Ke5 31. f4+ Kf5 32. g4+ Ke6 33. Kd4 Kd7 34. Re1 Rc8 35. Re5 Rc2 36.
Rxd5 Rxd5+ 37. Kxd5 Rxa2 38. Ke5+ Ke7 39. Rb3 Ra5+ 40.
Ke4 Ra4+ 41. Kf3 h5 42. gxh5 gxh5 43. Rb5 Ra3+ 44. Kg2 Ra2+ 45. Kf3 Ra3+ 46. Kg2 Ra4 47. Kg3 Ra3+ 48. Kh4 Rf3 49. Kg5 Rxh3 50. f5 Rc3 51.
Rb7+ Kf8 52. Rxa7 h4 53. Kxh4 Rc4+ 54. Kg5 Rc1 55. Kf6 Rc6+ 56. Kg5 Rc5 57. Kg6 Rc1 58. Ra8+ Ke7 59. f6+ Kd7 60. f7 Rg1+ 61. Kh5 Rh1+ 62. Kg4 Rg1+ 63. Kh3 Rh1+ 64. Kg2 Re1 65. f8=Q Rd1 66.
Rd8+ Ke6 67. Rxd1 1-0

[Event "*** Titled Tuesday Blitz"]
[Site "Chess.com"]
[Date "2021.04.27"]
[Round "3"]
[White "zmeeed67"]
[Black "Jumbo"]
[Result "0-1"]
[WhiteElo "2553"]
[BlackElo "2785"]
[TimeControl "180+1"]
[EndTime "10:29:24 PDT"]
[Termination "Jumbo won on time"]

1. d4 Nf6 2. c4 e6 3. Nc3 Bb4 4. f3 c5 5. d5 exd5 6. cxd5 d6 7. e4 O-O 8. Ne2 b5 9. Ng3 c4 10. a4 bxa4 11. Qxa4 a5 12. Bxc4 Nbd7 13. Be2 Qb6 14. Nf5 Nc5 15. Ne7+ Kh8 16. Qb5 Qc7 17. Nxc8 Rfxc8 18. O-O Nb3 19. Rb1 Nd4 20. Qd3 Bxc3 21. bxc3 Qxc3 22.
Be3 Nxe2+ 23. Qxe2 a4 24. Qf2 a3 25. Bd4 Qc2 26.
Qg3 a2 27. Rbd1 Ne8 28. e5 dxe5 29. Bxe5 f6 30. Ba1 Rd8 31. Qf2 Qb3 32. Qd4 Ra5 33.
Rfe1 h6 34. Qe4 Qb6+ 35. Kh1 Qd6 36. Bc3 Raa8 37. Bb4 Qd7 38. d6 Qb5 39. Ra1 Qa4 40.
Bc5 Qd7 41. Qe7 Qc6 42. Bb4 Rd7 43. Qe4 Qxe4 44. Rxe4 Rb7 45. Rd4 Rd7 46. Bc3 Rxd6 47. Rb4 Rc6 48. Bd4 Rc2 49. h3 Nd6 50. Rb2 Rxb2 51. Bxb2 h5 52. Kg1 Nc4 53. Bc3 Ne3 54. Rc1 Rc8 55. Ra1 Rxc3 56. Rxa2 Rc1+ 57. Kf2 Rc2+ 0-1

[Event "*** Titled Tuesday Blitz"]
[Site "Chess.com"]
[Date "2021.04.27"]
[Round "3"]
[White "anon569"]
[Black "Keures"]
[Result "1-0"]
[WhiteElo "2225"]
[BlackElo "2356"]
[TimeControl "180+1"]
[EndTime "10:29:25 PDT"]
[Termination "anon569 won on time"]

1. e4 e6 2. Nf3 d5 3. Nc3 Nf6 4. e5 Ne4 5. Ne2 f6 6. d3 Nc5 7. Ng3 f5 8. Be2 Be7 9. Nh5 O-O 10. h4 Ncd7 11. Nf4 Nb6 12. d4 c5 13. Kf1 Nc6 14. c3 Bd7 15. g3 g6 16. Kg2 Rc8 17. dxc5 Bxc5 18. b4 Be7 19. b5 Na5 20. Nd4 Rf7 21.
Nfxe6 Bxe6 22. Nxe6 Qe8 23. Nd4 Nac4 24. Bf4 Bc5 25.
Bf3 Nxe5 26. Re1 Bd6 27. a4 Rxc3 28. a5 Nbd7 29. Bxd5 Kg7 30. Bxb7 Qb8 31. Bd5 Rd3 32. Qe2 Rxd4 33. Bxf7 Kxf7 34. Rad1 Re4 35. Qc2 Rxe1 36.
Rxe1 Qxb5 37. Qa2+ Qc4 38. Qxc4+ Nxc4 39. Bxd6 Nxd6 40. Rd1 Ke6 41. Re1+ Kf6 42. Rd1 Ke7 43. Kf3 Nc4 44. Ke2 Nxa5 45. Ra1 Nc6 46. Ra6 Nde5 47.
Ra1 Ng4 48. f4 Nf6 49. Kd3 Ne4 50. Kc4 Kd6 51. Kb5 Nxg3 52. Ra6 Kd7 53. Rxc6 Ne2 54. Ra6 Nxf4 55. Rxa7+ Ke6 56. Rxh7 Kf6 57. Kc4 g5 58. Rh6+ Kg7 59. hxg5 1-0

[Event "*** Titled Tuesday Blitz"]
[Site "Chess.com"]
[Date "2021.04.27"]
[Round "3"]
[White "AlexSuv"]
[Black "platy3"]
[Result "0-1"]
[WhiteElo "2562"]
[BlackElo "2847"]
[TimeControl "180+1"]
[EndTime "10:29:27 PDT"]
[Termination "platy3 won by resignation"]

1. d4 Nf6 2. c4 e6 3. Nc3 Bb4 4. e3 O-O 5. Bd2 b6 6. Nf3 Bb7 7. Bd3 d6 8. b3 Nbd7 9. O-O e5 10. Ne1 Re8 11. Nc2 Bxc3 12. Bxc3 Nf8 13. d5 Ng6 14. f4 c6 15. dxc6 Bxc6 16. Qd2 Ne4 17. Bxe4 Bxe4 18.
Rad1 Qh4 19. Nb4 Rad8 20. Qf2 Qg4 21. h3 Qh5 22. Nd5 f6 23. Kh2 Nf8 24. g4 Qf7 25. g5 fxg5 26. fxg5 Qxf2+ 27. Rxf2 Ne6 28. h4 Nc5 29. Bb4 Bxd5 30. Rxd5 Ne4 31. Rf1 Re7 32. Kg2 Rf7 33. Rxf7 Kxf7 34. Kf3 Nc5 35. Bxc5 bxc5 36. Rd1 Ke6 37. Ke4 Rf8 38. Rd2 Rf1 39. Rh2 a5 40.
Kd3 Kf5 41. Rg2 Rh1 42. Rf2+ Ke6 43. Rf8 Rxh4 44. Rg8 Kf7 45. Rd8 e4+ 46. Kc3 Ke6 47.
Rg8 h5 48. Rxg7 Rh3 49. Rg6+ Ke5 50. Kd2 Rh2+ 51. Ke1 Rxa2 52. Rh6 Rh2 53. Rh7 Kf5 54.
Rg7 h4 55. g6 Rg2 56. Rh7 Kg4 57.
g7 Kh3 58. Kf1 Rg5 59. Kf2 Rg4 60. Kf1 Kg3 61. Ke2 h3 62. Kf1 h2 63. Ke2 Kg2 64. Rh4 Rxg7 65. Rxe4 h1=Q 0-1

[Event "*** Titled Tuesday Blitz"]
[Site "Chess.com"]
[Date "2021.04.27"]
[Round "3"]
[White "ChampStan"]
[Black "adriangschnitzer"]
[Result "0-1"]
[WhiteElo "2105"]
[BlackElo "2489"]
[TimeControl "180+1"]
[EndTime "10:29:30 PDT"]
[Termination "adriangschnitzer won by resignation"]

1. e4 c5 2. Nf3 Nc6 3. d4 cxd4 4.
Nxd4 g6 5. c4 Bg7 6. Be3 Nf6 7.
Nc3 Ng4 8. Qxg4 Nxd4 9. Qd1 Ne6 10. Qd2 Qa5 11. Rc1 b6 12. b3 Bb7 13. f3 g5 14. Nd5 Qxd2+ 15. Kxd2 Rc8 16. h4 h6 17. g3 Bb2 18. Rc2 Be5 19. hxg5 hxg5 20. Rxh8+ Bxh8 21. f4 gxf4 22. gxf4 Nc5 23. Bg2 e6 24. Bxc5 exd5 25.
Be3 dxe4 26. Bh3 Rd8 27. Ke2 d5 28. cxd5 Ba6+ 29. Kf2 Rxd5 30. Rc7 Bf6 31. Rxa7 Bh4+ 32. Kg2 Ra5 33. Ra8+ Ke7 34. Ra7+ Kf6 35. Bd4+ Kg6 36. f5+ Kh5 37. Rxf7 Rxa2+ 38. Kg1 Re2 39. Rh7+ Kg5 40. Rg7+ Kh6 41. Bf1 Re1 42. Rg6+ Kh5 43. Kh2 Rxf1 44.
Rxb6 Be2 45. Be3 Bf3 46. Rh6+ Kg4 47. Rg6+ Kxf5 48. Rg1 Rxg1 49. Kxg1 Bg5 50. Kf2 Bxe3+ 51. Kxe3 Ke5 52. b4 Kd5 53. b5 Kc5 54. Kf4 Kxb5 55.
Ke3 Kc5 56. Kd2 Kd5 57. Ke1 Ke5 58. Kf1 Kd4 59. Ke1 Kd3 60. Kf2 e3+ 61. Ke1 e2 62. Kf2 Kd2 0-1

[Event "*** Titled Tuesday Blitz"]
[Site "Chess.com"]
[Date "2021.04.27"]
[Round "3"]
[White "david_alex"]
[Black "starplatinum2030"]
[Result "1/2-1/2"]
[WhiteElo "2100"]
[BlackElo "2292"]
[TimeControl "180+1"]
[EndTime "10:29:30 PDT"]
[Termination "Game drawn by repetition"]

1. d4 Nf6 2. Nf3 d5 3. g3 Bf5 4.
Bg2 c5 5. O-O e6 6. c4 Nc6 7.
cxd5 Nxd5 8. Re1 Nf6 9. dxc5 Qxd1 10. Rxd1 Bxc5 11. Nc3 Ng4 12. e3 Ke7 13. Nh4 Rhd8 14. Nxf5+ exf5 15. Nd5+ Kf8 16. Bd2 Ne7 17. Nxe7 Kxe7 18.
Ba5 Rxd1+ 19. Rxd1 Rb8 20. Rd5 b6 21. Rxf5 Rd8 22.
Bf3 Nh6 23. Re5+ Kf8 24. Bc3 f6 25. Rd5 Nf7 26. Rxd8+ Nxd8 27. Bd5 Ke7 28. Kf1 Kd6 29.
e4 a5 30. Ke2 Nc6 31. Bxc6 Kxc6 32. f4 a4 33. Kf3 Kd7 34. e5 fxe5 35. Bxe5 g6 36. g4 Ke6 37. Ke4 b5 38. f5+ gxf5+ 39. gxf5+ Kf7 40. Kd5 Bf8 41. Kc6 b4 42. Kb5 a3 43.
bxa3 bxa3 44. Kc4 h6 45. Kb3 h5 46. Kc4 Be7 47. h3 Bf6 48. Kd5 Be7 49. Ke4 Bf8 50.
Kf4 Bh6+ 51. Kg3 Bg5 52. h4 Be7 53. Bf4 Bc5 54. Bg5 Bd6+ 55. Kf3 Be5 56. Ke4 Bd6 57. f6 Ke6 58. Kd4 Be5+ 59. Kc4 Bd6 60. Kb3 Bf8 61.
Kc4 Bd6 62. Kb3 Bf8 63. Ka4 Bd6 64. Kb3 1/2-1/2

[Event "*** Titled Tuesday Blitz"]
[Site "Chess.com"]
[Date "2021.04.27"]
[Round "3"]
[White "SergeyShtyka"]
[Black "Kildepiotr"]
[Result "0-1"]
[WhiteElo "2415"]
[BlackElo "2651"]
[TimeControl "180+1"]
[EndTime "10:29:31 PDT"]
[Termination "Kildepiotr won on time"]

1. e4 g6 2. d4 Bg7 3. Nc3 c6 4. Nge2 d6 5. g3 Nf6 6. Bg2 O-O 7. h3 Qc7 8. Be3 b5 9. O-O b4 10. Nb1 Nbd7 11. Nd2 a5 12. f4 e5 13. dxe5 dxe5 14.
f5 Ba6 15. g4 Rfd8 16. g5 Nh5 17. f6 Bf8 18. Qe1 Nc5 19. Bf3 Nf4 20. Bg4 Nce6 21. h4 Bxe2 22. Bxe2 Nd4 23. Bd1 Bc5 24. Nf3 Nde2+ 25.
Bxe2 Bxe3+ 26. Kh2 Qd7 27. Ng1 Bxg1+ 28. Kxg1 Qh3 29.
Bf3 Rd4 30. Qf2 Rad8 31. Rad1 Qc8 32. Rxd4 Nh3+ 33. Kg2 Nxf2 34. Rxd8+ Qxd8 35. Rxf2 c5 36. b3 Qd4 37. Kg3 Kf8 38. h5 Ke8 39. hxg6 hxg6 40. Re2 Kd7 41. Bg4+ Kc7 42. Bf3 Qg1+ 43. Rg2 Qe1+ 44.
Kg4 Kb6 45. Rh2 Qg1+ 46. Rg2 Qc1 47. Kh4 Qf4+ 48. Bg4 Qxe4 49. c4 Qf4 50. a4 e4 51.
Kh3 e3 52. Kh4 Kc7 53. Kh3 Kd6 54. Kh4 Ke5 55. Rg3 Kd4 56. Rg2 Kc3 57. Re2 Kxb3 58. Kh3 Kxa4 59. Kh4 Kb3 60. Rg2 a4 61. Rg1 a3 62. Rb1+ Kc2 63. Rg1 Qh2+ 64. Bh3 Qxg1 65. Bg2 Qh2+ 66. Bh3 Qxh3+ 67. Kxh3 e2 0-1

[Event "*** Titled Tuesday Blitz"]
[Site "Chess.com"]
[Date "2021.04.27"]
[Round "3"]
[White "Redbandit87"]
[Black "enriquetejedor"]
[Result "0-1"]
[WhiteElo "2389"]
[BlackElo "2603"]
[TimeControl "180+1"]
[EndTime "10:29:33 PDT"]
[Termination "enriquetejedor won by checkmate"]

1. d4 Nf6 2. Bf4 d5 3. e3 e6 4. Nf3 Bd6 5. Ne5 O-O 6. Nd2 c5 7. c3 Qc7 8. Bd3 Nbd7 9. Ndf3 Ne4 10. Nxd7 Bxd7 11. Bxe4 Bxf4 12. Bxh7+ Kxh7 13. exf4 Qxf4 14. O-O cxd4 15. Nxd4 e5 16. Ne2 Qc4 17. Ng3 Kg8 18.
Re1 Rfe8 19. Qh5 f6 20. Nf5 Bxf5 21. Qxf5 Rad8 22. Re3 Qc8 23. Qg6 Re7 24. Rg3 Qe6 25. Rh3 Qf7 26. Qh7+ Kf8 27. Qh8+ Qg8 28. Qh5 a6 29. Rd1 Qf7 30. Qh8+ Qg8 31. Qh5 Red7 32. g4 Qf7 33. Qf5 g6 34. Qf3 Kg7 35. Rh4 Rh8 36.
Rxh8 Kxh8 37. g5 Kg7 38. gxf6+ Qxf6 39. Qxf6+ Kxf6 40. Kg2 b5 41. Kf3 Ke6 42. Ke3 Rh7 43.
Rg1 Rh3+ 44. Ke2 Kf5 45. Rg2 g5 46. Kd2 a5 47. Ke2 a4 48. a3 g4 49. Kd2 Rh8 50. Ke2 Kf4 51. Kd2 Rh7 52. Ke2 Rh6 53. Ke1 d4 54. cxd4 exd4 55. Ke2 Rh3 56. Kd2 Rb3 57.
Kc2 Kf3 58. Rg3+ Ke2 59. Rxg4 d3+ 60. Kb1 d2 61. Re4+ Kf1 62. Rd4 Ke2 63. Re4+ Kxf2 64. Kc2 Rxb2+ 65. Kd1 Ra2 66. Rd4 Ke3 67. Rxd2 Rxd2+ 68. Kc1 Rxh2 69. Kb1 Kd3 70. Ka1 Kc3 71. Kb1 Rg2 72.
Ka1 Kb3 73. Kb1 Rg1# 0-1

[Event "*** Titled Tuesday Blitz"]
[Site "Chess.com"]
[Date "2021.04.27"]
[Round "3"]
[White "ferch1ni"]
[Black "HonzaVykouk"]
[Result "0-1"]
[WhiteElo "2356"]
[BlackElo "2583"]
[TimeControl "180+1"]
[EndTime "10:29:41 PDT"]
[Termination "HonzaVykouk won by resignation"]

1. e4 c5 2. Nf3 Nc6 3. d4 cxd4 4. Nxd4 e6 5. c4 Nf6 6. Nc3 Bb4 7. Nxc6 bxc6 8. Bd3 O-O 9. O-O e5 10. a3 Bxc3 11. bxc3 c5 12. Bg5 d6 13. Qf3 h6 14.
Bxf6 Qxf6 15. Qxf6 gxf6 16. Rfb1 Ba6 17. Kf1 Rab8 18. Ke2 Rfd8 19. f3 Kf8 20. Kd2 Ke7 21. Ke3 Kd7 22. Kd2 Kc7 23. Kc2 Rb6 24. Rxb6 axb6 25.
a4 Ra8 26. a5 Bb7 27. axb6+ Kxb6 28. Rxa8 Bxa8 29. Kb3 Ka5 30. Be2 Bc6 31. Ka3 Ba4 32. Bd3 Bd1 33. Bf1 Bc2 34. Be2 Kb6 35. Kb2 Ba4 36.
Ka3 Bc6 37. Kb3 Kc7 38. Kc2 Kd7 39. Kd3 Ke6 40. Bd1 f5 41. exf5+ Kxf5 42. Ke3 Kg5 43. g3 f5 44. Bc2 f4+ 45. Kf2 Bd7 46. Ke2 Bh3 47.
Be4 h5 48. Kf2 Be6 49. Bd3 h4 50. Bf1 fxg3+ 51. hxg3 h3 52. Kg1 e4 53. fxe4 Kg4 54. Kh2 Kf3 55. Bxh3 Bxc4 56. Bg2+ Ke3 57. g4 Kf4 58. g5 Kxg5 59. Kg3 Bd3 60. Kf3 Bc2 61.
Ke3 Kf6 62. Kd2 Bb3 63. Kd3 Ke5 64. Ke3 Bc4 65. Bf3 Bb5 66. Bd1 Bc6 67. Bc2 Be8 68. Bd3 Bg6 69. Bc2 d5 70. Ba4 Bxe4 71. Bd1 Bb1 72.
Kd2 Ba2 73. Ba4 Bc4 74. Be8 Kd6 75. Bg6 Kc6 76. Bh7 Kb5 77. Bg6 Ka4 78. Bc2+ Ka3 79. Bf5 Kb2 80. Bd7 Bb3 81. Bc6 d4 82. cxd4 c4 83. Be4 c3+ 84. Ke3 Bc2 85. Bd5 Bg6 0-1

[Event "*** Titled Tuesday Blitz"]
[Site "Chess.com"]
[Date "2021.04.27"]
[Round "3"]
[White "Abund"]
[Black "Zq1"]
[Result "1/2-1/2"]
[WhiteElo "2745"]
[BlackElo "2533"]
[TimeControl "180+1"]
[EndTime "10:29:42 PDT"]
[Termination "Game drawn by stalemate"]

1. e4 e5 2. Nf3 Nc6 3. Bc4 Bc5 4. c3 Nf6 5. d4 exd4 6. e5 d5 7. Bb5 Ne4 8. cxd4 Bb6 9. Nc3 O-O 10. Be3 f6 11.
Qb3 Nxc3 12. Bxc6 bxc6 13. Qxc3 Bg4 14. Qxc6 Bxf3 15. gxf3 fxe5 16. Qe6+ Kh8 17. Qxe5 Re8 18. Qf4 Rf8 19. Qg4 Qf6 20. Rg1 Rae8 21. O-O-O Rf7 22. Rg3 Ref8 23. Rd3 Qc6+ 24. Rc3 Qb5 25. Rg1 Qe2 26. f4 Qxg4 27. Rxg4 Rf5 28. Rg5 h6 29. Rg6 Kh7 30.
Rcc6 Rh5 31. Rg2 Rhf5 32. Kc2 R8f6 33. Rc3 Rg6 34. Rxg6 Kxg6 35. b4 Rh5 36. a4 a5 37.
bxa5 Bxa5 38. Rc6+ Kf7 39. Ra6 Be1 40. Ra7 Bxf2 41.
Rxc7+ Ke6 42. Bxf2 Rxh2 43. Rxg7 Rxf2+ 44. Kd3 Rf3+ 45. Kc2 Ra3 46. Rg6+ Kf5 47. Rxh6 Ke4 48. Re6+ Kxd4 49. f5 Rxa4 50. f6 Ra2+ 51. Kd1 Rf2 52. Ke1 Rf5 53. Ke2 Kc5 54. Kd3 Rf3+ 55. Ke2 Rf5 56. Ke3 Rf1 57. Kd2 d4 58. Ra6 Kc4 59. Rc6+ Kd5 60. Ra6 Ke5 61. Rb6 Rf2+ 62. Kd3 Rf3+ 63. Kd2 Ke4 64. Re6+ Kf5 65. Ra6 Ke5 66. Rb6 Kd5 67. Ra6 Rf4 68. Ra5+ Kc4 69. Ra6 Kd5 70. Kd3 Rf3+ 71. Ke2 Rf4 72. Kd2 Ke5 73. Kd3 Rf3+ 74. Ke2 Rxf6 75. Rxf6 Kxf6 76. Kd2 Ke5 77. Kd3 Kd5 78. Kd2 Ke4 79. Ke2 d3+ 80.
Kd2 Kd4 81. Kd1 Ke3 82. Ke1 d2+ 83. Kd1 Kd3 1/2-1/2

[Event "*** Titled Tuesday Blitz"]
[Site "Chess.com"]
[Date "2021.04.27"]
[Round "3"]
[White "Twitch_ElhamBlitz05"]
[Black "PolandHussars"]
[Result "1/2-1/2"]
[WhiteElo "2850"]
[BlackElo "2628"]
[TimeControl "180+1"]
[EndTime "10:29:45 PDT"]
[Termination "Game drawn by agreement"]

1. e4 e5 2. Nc3 Nf6 3. Bc4 Nxe4 4. Qh5 Nd6 5. Bb3 Be7 6. Qxe5 O-O 7. d4 Bf6 8. Qf4 Nc6 9. Nge2 Na5 10. Nd5 Nxb3 11. axb3 Ne8 12. O-O c6 13. Nxf6+ Qxf6 14. d5 Qxf4 15.
Nxf4 Nf6 16. Rd1 Re8 17. Be3 a6 18. d6 b5 19. b4 g5 20. Nd3 h6 21. Nc5 Nd5 22. Bd2 f5 23. Re1 Rxe1+ 24. Rxe1 Kf7 25. h3 a5 26. bxa5 b4 27. Ra1 Ba6 28. Nxd7 Ke6 29.
Nb6 Nxb6 30. axb6 c5 31. Be3 Kxd6 32. Ra5 Bb7 33. Bxc5+ Kc6 34. Rxa8 Bxa8 35. Bxb4 Kxb6 36. Bf8 h5 37. Be7 g4 38. h4 f4 39. Bd6 f3 40. gxf3 Bxf3 41. Kh2 Kb5 42. Kg3 Be4 43. c3 Kc4 44. Kf4 Bg6 45. Ke3 Kb3 46. Kd4 Bf7 47.
Ba3 Bg8 48. Ke5 Bf7 49. Kf6 Be8 50. Kg5 Bf7 51. Bd6 Be8 52. Be5 Bf7 53. Kf6 Be8 54. Ke7 Bg6 55. Bd4 Be4 56. Kf7 Bc6 57. Ke6 Be8 58.
Ke7 Bg6 59. Be3 Be4 60. Kf7 Bc6 61. Bh6 Be4 62. Kf6 Bc6 63. Ke5 Be8 64. Kd4 Bf7 65. Bf8 Bg8 66. Ke3 Kxb2 67. Bg7 Kb3 68. Kf4 Bf7 69.
c4 Kxc4 70. f3 gxf3 71. Kxf3 Kd5 72. Bh6 Ke6 73. Bg5 Kf5 74. Kg3 Bd5 75. Kh2 1/2-1/2

[Event "*** Titled Tuesday Blitz"]
[Site "Chess.com"]
[Date "2021.04.27"]
[Round "3"]
[White "Durarbayli"]
[Black "MichailovM"]
[Result "1-0"]
[WhiteElo "2744"]
[BlackElo "2452"]
[TimeControl "180+1"]
[EndTime "10:29:45 PDT"]
[Termination "Durarbayli won by resignation"]

1. e4 c5 2. Nf3 d6 3. Bc4 Nf6 4. Qe2 Nc6 5. c3 e6 6. O-O Be7 7. d4 cxd4 8. cxd4 d5 9. exd5 exd5 10. Bd3 Bg4 11. Be3 O-O 12. h3 Bh5 13. Nc3 Re8 14. g4 Bg6 15. Bxg6 hxg6 16. Ng5 Qb6 17. Rad1 Bb4 18. Na4 Qa5 19. b3 b5 20. Nb2 Bc3 21. Qc2 Rac8 22. Qb1 Ne4 23. Nd3 Nxg5 24. Bxg5 Nxd4 25.
Kg2 Ne6 26. Bh4 Bd4 27. Bg3 Qb6 28. h4 Bf6 29. Rh1 Nc5 30. Nf4 d4 31. g5 Qc6+ 32. f3 Be5 33. Nh3 Bxg3 34. Kxg3 Re3 35. Rhf1 d3 36.
Nf4 Qd6 37. Kg4 Qd4 38. Qa1 Qxa1 39. Rxa1 Rd8 40. Rad1 a5 41. Rd2 b4 42. Rfd1 Kf8 43. Kg3 Ke7 44. Kf2 Re5 45. Nxd3 Red5 46. Ke3 Nxd3 47. Rxd3 Rxd3+ 48. Rxd3 Rxd3+ 49. Kxd3 Ke6 50. Ke4 Kd6 51. Kd4 Ke6 52. Ke4 Kd6 53. f4 Ke6 54.
Kd4 Kf5 55. Ke3 Ke6 56. Ke4 Kd6 57. f5 Ke7 58. Ke5 Kd7 59. f6 gxf6+ 60. Kxf6 Ke8 61. Ke5 Ke7 62. Kd5 Kd7 63. Kc5 Ke6 64. Kb5 Kf5 65.
Kxa5 Kg4 66. Kxb4 Kxh4 67. a4 Kxg5 68. a5 f5 69. a6 f4 70. a7 Kg4 71. a8=Q f3 72. Qf8 Kg3 73. Kc3 f2 74. Kd2 Kg2 75.
Ke2 f1=Q+ 1-0

[Event "*** Titled Tuesday Blitz"]
[Site "Chess.com"]
[Date "2021.04.27"]
[Round "3"]
[White "Vaathi_Coming"]
[Black "AwareIdea"]
[Result "1-0"]
[WhiteElo "2879"]
[BlackElo "2568"]
[TimeControl "180+1"]
[EndTime "10:29:46 PDT"]
[Termination "Vaathi_Coming won on time"]

1. b3 d5 2. Bb2 Bf5 3. Nf3 e6 4. e3 c6 5. Bd3 Bg6 6. h4 Nf6 7. Nc3 Nbd7 8. Ne2 Bxd3 9. cxd3 Bd6 10. h5 h6 11. Qc2 Qc7 12. O-O-O Ne5 13. Nxe5 Bxe5 14.
d4 Bd6 15. f3 a5 16. g4 Nd7 17.
Rdg1 a4 18. g5 axb3 19. axb3 Ba3 20. gxh6 gxh6 21. Nf4 Qb6 22. Bxa3 Rxa3 23. Kb2 Ra5 24. Ra1 Ke7 25. Rxa5 Qxa5 26. Ra1 Qb5 27. Qb1 Nb6 28. Qg1 c5 29. Qg7 Rc8 30. Ng6+ Kd6 31. Qxf7 Nc4+ 32.
Kc1 cxd4 33. Qe7+ Kc6 34. exd4 Qxb3 35. Rb1 Qa3+ 36. Qxa3 Nxa3 37. Rb3 Ra8 38. Ne5+ Kc7 39. Rc3+ Kd6 40. Nf7+ Ke7 41. Rc7+ Kf6 42. Nxh6 Nc4 43. f4 Nd6 44. Rd7 Ra6 45. Ng8+ Kf5 46. h6 Ra1+ 47. Kb2 Rh1 48. Rxd6 Rh2 49. Kc3 b5 50. d3 Kg6 51.
Rxe6+ Kf7 52. Rb6 Kxg8 53. Rxb5 Rh5 54. Rc5 Rf5 55. Rc6 Kh7 56. Kb4 Rxf4 57. Kc5 Rf3 58. Kxd5 Rxd3 59. Re6 Ra3 60. Rc6 Ra5+ 61. Ke4 Rh5 62. d5 Rh1 63. Ke5 Re1+ 64. Kd4 Rd1+ 65. Kc5 Rc1+ 66. Kd6 Rd1 67. Ke5 Re1+ 68. Kd6 Kxh6 69.
Kc7+ Kg7 70. d6 1-0